 Dungeon Crawl Stone Soup version 0.25-a0-661-g55ea3d2053 (webtiles) character file.

Game seed: 16117503589123719698, levelgen mode: deterministic

53 DasRunzen the Slasher (level 3, -2/29 HPs)
             Began as a Demigod Gladiator on Mar 23, 2020.
             Slain by a gnoll
             ... wielding a +0 flail
              (10 damage)
             ... on level 1 of the Dungeon.
             The game lasted 00:01:14 (964 turns).

DasRunzen the Slasher (Demigod Gladiator)            Turns: 964, Time: 00:01:15

Health: -2/29      AC:  4    Str: 17    XL:     3   Next: 41%
Magic:  7/7        EV: 13    Int: 14    God:
Gold:   63         SH:  0    Dex: 17    Spells: 4/4 levels left

rFire    . . .     SeeInvis .   a - +0 long sword
rCold    . . .     Gourm    .   (no shield)
rNeg     . . .     Faith    .   b - +0 leather armour
rPois    .         Spirit   .   c - +0 helmet
rElec    .         Reflect  .   (no cloak)
rCorr    .         Harm     .   (no gloves)
MR       .....                  (no boots)
Stlth    +.........             (no amulet)
HPRegen  0.09/turn              (no ring)
MPRegen  0.10/turn              (no ring)

@: no status effects
A: high mp 1
a: no special abilities


You were on level 1 of the Dungeon.
You were not hungry.

You visited 1 branch of the dungeon, and saw 2 of its levels.

You collected 63 gold pieces.

Inventory:

Hand Weapons
 a - a +0 long sword (weapon)
Missiles
 d - 3 throwing nets (quivered)
Armour
 b - a +0 leather armour (worn)
 c - a +0 helmet (worn)
Scrolls
 e - a scroll of magic mapping
Potions
 g - a potion of cancellation {unknown}
 h - a potion of flight {unknown}
 i - a potion of heal wounds {unknown}
Comestibles
 f - 5 rations


   Skills:
 + Level 2.3 Fighting
 + Level 3.0 Long Blades
 - Level 1.7 Throwing
 + Level 1.0 Armour
 + Level 3.0 Dodging
 + Level 1.0 Spellcasting


You had 4 spell levels left.
You didn't know any spells.
Your spell library was empty.

Dungeon Overview and Level Annotations

Branches:
Dungeon (2/15)


Innate Abilities, Weirdness & Mutations

You have an increased reservoir of magic. (+10% MP)


Message History

The gnoll hits you but does no damage. The gnoll hits you with a +0 flail!
The gnoll misses you.
You closely miss the gnoll.
The gnoll is severely wounded.
The gnoll hits you with a cursed -1 club.
The gnoll hits you from afar with a +0 spear.
The gnoll misses you.
You are too injured to fight recklessly!
The gnoll hits you with a cursed -1 club.
The gnoll hits you from afar with a +0 spear.
* * * LOW HITPOINT WARNING * * *
The gnoll completely misses you.
You climb upwards.
There is a stone staircase leading down, spattered with blood here.
You hit the gnoll.
The gnoll is almost dead.
The gnoll hits you with a cursed -1 club.
* * * LOW HITPOINT WARNING * * *
The gnoll hits you with a +0 flail!
You die...

.....####.#....#..# #.#
..##.####.##......# #.#
..##....#.##..#...# #.#
....###...##.###..# #.#
..................# #####†#
..##.###.....#....# ##...#†.
...#...###.#..#...########.......
.#.###..........g................
.#........).....@...#####........
.#####...........g...............
.................................
)).....................####...#>.
)#####.................######.(.#
..# #†......).........##...†(..#
..## ##.....................(†).#
#..####...........(.............#
##...#................)..........


You could see 2 gnolls.

Vanquished Creatures
  A gnoll (D:1)
  A worm (D:1)
  5 dart slugs (D:1)
  A leopard gecko (D:1)
  6 goblins (D:1)
  2 hobgoblins (D:1)
  3 kobolds (D:1)
  3 bats (D:1)
  5 frilled lizards (D:1)
  6 rats
33 creatures vanquished.

Notes
Turn   | Place    | Note
-------+----------+-------------------------------------------
     0 | D:1      | DasRunzen the Demigod Gladiator began the quest for the
                  | Orb.
     0 | D:1      | Reached XP level 1. HP: 17/17 MP: 3/3
    83 | D:1      | Reached XP level 2. HP: 11/24 MP: 4/4
   373 | D:1      | Reached XP level 3. HP: 20/29 MP: 6/6
   690 | D:1      | Reached skill level 1 in Armour
   690 | D:1      | Reached skill level 1 in Spellcasting
   964 | D:1      | Slain by a gnoll

Levels and vault maps discovered:
D:1:      nagdon_arrival_zigzag_paths, layout_rooms
D:2:      layout_rooms, dk_vineyard_1

Skill      XL: |  1  2  3 |
---------------+----------+-----
Fighting       | 2 |  2.3
Long Blades    | 3 |  3.0
Dodging        | 3 |  3.0
Armour         | 1 |  1.0
Spellcasting   | 1 |  1.0
Throwing       | |  1.7

Action                   || total
-------------------------++-------
Melee: Long sword        ||    73
  Use: Scroll            ||     1
Armor: Leather armour    ||    20
Dodge: Dodged            ||    80
       Rpst.: Long sword ||    20

Table legend:
 A = Non-vault XP
 B = Vault XP
 C = Vault XP percentage of total XP
 D = Non-vault monster count
 E = Vault monster count
 F = Vault count percentage of total count
                 A         B        C        D         E       F
            +---------+---------+-------+---------+---------+-------
      Total |      76 |       0 |   0.0 |      33 |       0 |   0.0
            +---------+---------+-------+---------+---------+-------
        D:1 |      75 |       0 |   0.0 |      32 |       0 |   0.0
        D:2 |       1 |       0 |   0.0 |       1 |       0 |   0.0
            +---------+---------+-------+---------+---------+-------
